 Dungeon Crawl Stone Soup version 0.24-a0-639-gb70a11d811 (webtiles) character file.

Game seed: 12722176407346954709, levelgen mode: deterministic

1579 Froggeryz the Shield-Bearer (level 8, -7/69 HPs)
             Began as a Naga Ice Elementalist on Sept 23, 2019.
             Was a Priest of Cheibriados.
             Mangled by Prince Ribbit (8 damage)
             ... while paralysed by Grinder
             ... on level 6 of the Dungeon.
             The game lasted 00:17:58 (8058 turns).

Froggeryz the Shield-Bearer (Naga Ice Elementalist) Turns: 8058, Time: 00:17:59

Health: -7/69      AC:  9    Str: 19    XL:     8   Next: 91%
Magic:  2/14       EV:  1    Int: 30    God:    Cheibriados [***...]
Gold:   188        SH:  0    Dex: 20    Spells: 10/15 levels left

rFire    . . .     SeeInvis +   d - +0 short sword
rCold    . . .     Gourm    .   r - +2 buckler
rNeg     + . .     Faith    .   s - +2 robe {rN+}
rPois    +         Spirit   .   a - +2 helmet {SInv}
rElec    .         Reflect  .   f - +0 cloak
rCorr    +         Harm     .   (no gloves)
MR       +....                  (no barding)
Stlth    +++.......             (no amulet)
HPRegen  0.21/turn              g - ring of resist corrosion
MPRegen  0.14/turn              (no ring)

@: paralysed, brilliant, very slow
A: large, see invisible, deformed body, poison resistance, slowness 2, slow
metabolism 1, spit poison 1, AC +2
a: Spit Poison, Bend Time, Temporal Distortion, Renounce Religion


You were on level 6 of the Dungeon.
You worshipped Cheibriados.
Cheibriados was most pleased with you.
You were near starving.

You visited 1 branch of the dungeon, and saw 6 of its levels.
You also visited: Ossuary.

You collected 400 gold pieces.
You spent 212 gold pieces at shops.

Inventory:

Hand Weapons
 d - a +0 short sword (weapon)
 e - a +4 quarterstaff of chaos
 q - a +2 hunting sling of velocity
Missiles
 k - 17 sling bullets
Armour
 a - a +2 helmet of see invisible (worn)
 f - a +0 cloak (worn)
 r - a +2 buckler (worn)
 s - a +2 robe of positive energy (worn)
Jewellery
 g - a ring of resist corrosion (left hand)
 h - an uncursed ring of fire
Scrolls
 l - a scroll of fear {unknown}
 m - 6 scrolls of identify
 o - a scroll of immolation {unknown}
 p - 2 scrolls of enchant weapon
 u - 2 scrolls of fog {unknown}
Potions
 b - 2 potions of brilliance
Comestibles
 c - 5 rations


   Skills:
 - Level 3.2 Fighting
 - Level 1.5 Dodging
 - Level 5.0 Stealth
 + Level 6.3 Shields
 - Level 4.2 Spellcasting
 - Level 1.0 Conjurations
 - Level 5.4 Ice Magic


You had 10 spell levels left.
You knew the following spells:

 Your Spells              Type           Power        Failure   Level  Hunger
a - Freeze                Ice            ####         1%          1    None
b - Throw Icicle          Conj/Ice       #####...     2%          4    ####...

Your spell library contained the following spells:

 Spells                   Type           Power        Failure   Level  Hunger
 Throw Frost              Conj/Ice       #####.       1%          2    None
 Ozocubu's Armour         Chrm/Ice       #####...     1%          3    ##.....
 Summon Ice Beast         Ice/Summ       #####...     2%          4    ####...


Dungeon Overview and Level Annotations

Branches:
Dungeon (6/15)            Ossuary (visited)
 Temple: D:4-7

Altars:
Ashenzari
Cheibriados
Nemelex Xobeh
Okawaru
Qazlal
Trog
Yredelemnul

Shops:
D:5 [[}}

Annotations:
D:6 Duvessa, Grinder, Prince Ribbit


Innate Abilities, Weirdness & Mutations

You cannot wear boots.
Your serpentine skin is tough. (AC +2)
You have supernaturally acute eyesight. (SInv)
Armour fits poorly on your strangely shaped body.
Your system is resistant to poisons. (rPois)
You cover ground very slowly.
You have a slow metabolism.
You can spit poison.


Message History

Grinder resists.
You freeze Grinder.
Grinder is almost dead.
The howler monkey hoots and howls with incredible vigour!
Grinder gestures at you.
You suddenly lose the ability to move!
The howler monkey hits you but does no damage.
Grinder hits you.
* * * LOW HITPOINT WARNING * * *
You writhe in agony.
* * * LOW HITPOINT WARNING * * *
The howler monkey hits you but does no damage.
Grinder hits you.
* * * LOW HITPOINT WARNING * * *
You writhe in agony.
* * * LOW HITPOINT WARNING * * *
Your magical contamination has completely faded away.
The howler monkey hits you.
* * * LOW HITPOINT WARNING * * *
Prince Ribbit hits you!
You die...

...#.............#
...#............##
.)#.............##
#....<##.........# ## #
####.............##.##..
..#..............#(.....
.......>.........(......
..........######........
........#.# ##@(....(#
ยง.......... #Fh5...>..
..##.#...5..............
e# ...........##....[.
.......## ....#. .......
...## ....... .....
.##.### .... .#


You could see Prince Ribbit, Grinder and a howler monkey.

Vanquished Creatures
  An orc warrior (D:5)
  3 ogres
  5 bullfrogs
  Dowan (D:6)
  A howler monkey (D:6)
  A human zombie (Ossuary)
  A jelly (D:5)
  2 orc priests (D:5)
  A hound (D:4)
  2 orc wizards
  Crazy Yiuf (D:2)
  2 bullfrog skeletons (D:5)
  Natasha (thrice) (D:3)
  5 worker ants
  Terence (D:3)
  A big kobold zombie (Ossuary)
  A hound zombie (Ossuary)
  4 mummies
  7 adders
  4 gnolls (D:3)
  2 oozes
  2 adder zombies (Ossuary)
  3 dart slugs
  5 leopard geckos
  21 orcs
  8 bats
  6 giant cockroaches
  A gnoll zombie (Ossuary)
  9 goblins
  5 hobgoblins
  4 jackals
  A quokka (D:2)
  3 ball pythons
  7 frilled lizards
  6 goblin zombies (Ossuary)
  4 hobgoblin zombies (Ossuary)
  4 jackal zombies (Ossuary)
  2 kobolds
  3 kobold zombies (Ossuary)
  An orc zombie (Ossuary)
  A quokka zombie (Ossuary)
  5 rats
  4 rat zombies (Ossuary)
  A spectral orc (D:2)
155 creatures vanquished.

Notes
Turn   | Place    | Note
-------+----------+-------------------------------------------
     0 | D:1      | Froggeryz the Naga Ice Elementalist began the quest for the
                  | Orb.
     0 | D:1      | Reached XP level 1. HP: 15/15 MP: 3/3
    80 | D:1      | Reached XP level 2. HP: 17/22 MP: 0/5
   495 | D:1      | Reached XP level 3. HP: 20/28 MP: 2/6
  1402 | D:2      | Reached XP level 4. HP: 29/36 MP: 4/8
  1824 | D:2      | Noticed a bullfrog
  1834 | D:2      | Killed a bullfrog
  1834 | D:2      | Reached XP level 5. HP: 11/42 MP: 1/10
  1984 | D:2      | Found a runed translucent door.
  1985 | D:2      | Noticed Crazy Yiuf
  2065 | D:2      | Found a basalt altar of Yredelemnul.
  2553 | D:2      | Killed Crazy Yiuf
  2811 | D:3      | Noticed Natasha
  2821 | D:3      | Killed Natasha
  2821 | D:3      | Reached XP level 6. HP: 16/49 MP: 11/11
  3044 | D:3      | Noticed Natasha
  3079 | D:3      | Killed Natasha
  3079 | D:3      | Reached skill level 5 in Stealth
  3453 | D:3      | Found a snail-covered altar of Cheibriados.
  3491 | D:3      | Found a sparkling altar of Nemelex Xobeh.
  3596 | D:3      | Became a worshipper of Cheibriados the Contemplative
  3683 | D:3      | Noticed Natasha
  3694 | D:3      | Killed Natasha
  3694 | D:3      | Reached skill level 5 in Ice Magic
  4075 | D:3      | Noticed Terence
  4087 | D:3      | Killed Terence
  4143 | D:3      | Found an iron altar of Okawaru.
  4844 | D:4      | Reached * piety under Cheibriados
  4875 | D:4      | Found a sand-covered staircase.
  4895 | Ossuary  | Entered an ossuary
  5058 | Ossuary  | Reached XP level 7. HP: 50/56 MP: 13/13
  5182 | Ossuary  | Reached skill level 1 in Shields
  5218 | Ossuary  | Reached skill level 1 in Fighting
  6074 | Ossuary  | Reached ** piety under Cheibriados
  6416 | D:4      | Found a shattered altar of Ashenzari.
  6423 | D:4      | Reached skill level 2 in Shields
  6491 | D:4      | Learned a level 4 spell: Throw Icicle
  6826 | D:4      | Reached skill level 3 in Shields
  7034 | D:5      | Entered Level 5 of the Dungeon
  7077 | D:5      | Reached XP level 8. HP: 59/69 MP: 10/14
  7080 | D:5      | Reached skill level 4 in Shields
  7213 | D:5      | Noticed an air elemental
  7217 | D:5      | Found a stormy altar of Qazlal.
  7224 | D:5      | Noticed a water elemental
  7241 | D:5      | Found Taqediogh's Gadget Emporium.
  7243 | D:5      | Found Fuluirr's Gadget Shop.
  7303 | D:5      | Reached *** piety under Cheibriados
  7540 | D:5      | Reached skill level 5 in Shields
  7554 | D:5      | Found Odoal's Antique Armour Boutique.
  7584 | D:5      | Bought an embroidered robe for 70 gold pieces
  7603 | D:5      | Bought a glowing helmet for 142 gold pieces
  7743 | D:5      | Found Viyga Toh's Armour Shoppe.
  7910 | D:6      | Found a bloodstained altar of Trog.
  7954 | D:6      | Noticed Dowan
  7955 | D:6      | Noticed Duvessa
  7962 | D:6      | Reached skill level 6 in Shields
  7969 | D:6      | Killed Dowan
  8014 | D:6      | Noticed Grinder
  8052 | D:6      | Noticed Prince Ribbit
  8055 | D:6      | Paralysed by Grinder for 6 turns
  8057 | D:6      | HP: 2/69 [Grinder (2)]
  8058 | D:6      | Mangled by Prince Ribbit

Levels and vault maps discovered:
D:1:      dpeg_arrival_tiny_e, layout_basic
D:2:      layout_basic, yredelemnul_forgotten_temple_becter,
          uniq_crazy_yiuf_cottage
D:3:      layout_loops_ring, lemuel_coloured_pillars_altar, lemuel_round_altar,
          nemelex_xobeh_ov_fountains_minmay, uniq_terence, uniq_natasha
D:4:      layout_gridville, nicolae_ashenzari_panopticon,
          gup_ossuary_entry_pyramid, grunt_decor_arrowhead
D:5:      layout_cave_pools, nicolae_qazlal_style_of_elements, first_ration,
          serial_glass, glass_columns_c, glass_columns_a, glass_columns_a,
          glass_columns_a, glass_columns_a, glass_columns_b, serial_shops, shop,
          shop, shop, shop_statue
D:6:      layout_cave_pools, nicolae_overflow_hidden_temple, bloody_trog,
          st_stairs_8, uniq_edmund, uniq_grinder, uniq_sigmund, uniq_duvessa,
          uniq_prince_ribbit1

Skill      XL: |  1  2  3  4  5  6  7  8 |
---------------+-------------------------+-----
Spellcasting   | 3 4 |  4.2
Stealth        | 4 5 |  5.0
Ice Magic      | 4 5 |  5.4
Shields        | 3 6 |  6.3
Fighting       | 3 |  3.2
Dodging        | |  1.5
Conjurations   | |  1.0

Action                   |  1- 3 |  4- 6 |  7- 9 || total
-------------------------+-------+-------+-------++-------
Melee: Unarmed           |    20 |       |       ||    20
       Short sword       |    48 |   151 |   299 ||   498
       Quarterstaff      |       |    37 |       ||    37
Throw: Dart              |       |     4 |    14 ||    18
 Cast: Freeze            |    24 |    34 |    49 ||   107
       Throw Icicle      |       |       |     2 ||     2
 Abil: Spit Poison       |     3 |    19 |    16 ||    38
Evoke: Wand              |       |       |     7 ||     7
  Use: Potion            |       |     9 |     5 ||    14
       Scroll            |       |     2 |     5 ||     7
 Stab: Sleeping          |    10 |     8 |     8 ||    26
  Eat: Chunk             |     1 |     7 |     2 ||    10
       Ration            |       |     1 |     1 ||     2
Armor: Robe              |    24 |    56 |    89 ||   169
       Skin              |       |     2 |       ||     2
Dodge: Dodged            |    52 |   103 |   169 ||   324
Block: Buckler           |       |    27 |   128 ||   155

Table legend:
 A = Non-vault XP
 B = Vault XP
 C = Vault XP percentage of total XP
 D = Non-vault monster count
 E = Vault monster count
 F = Vault count percentage of total count
                 A         B        C        D         E       F
            +---------+---------+-------+---------+---------+-------
      Total |    1880 |     377 |  16.7 |     117 |      38 |  24.5
            +---------+---------+-------+---------+---------+-------
        D:1 |      48 |       0 |   0.0 |      24 |       0 |   0.0
        D:2 |     196 |      42 |  17.6 |      21 |       2 |   8.7
        D:3 |     234 |      67 |  22.3 |      35 |       2 |   5.4
        D:4 |     407 |      18 |   4.2 |      13 |       1 |   7.1
        D:5 |     583 |       0 |   0.0 |      18 |       0 |   0.0
        D:6 |     412 |      67 |  14.0 |       6 |       1 |  14.3
    Ossuary |       0 |     183 | 100.0 |       0 |      32 | 100.0
            +---------+---------+-------+---------+---------+-------
